 Dungeon Crawl Stone Soup version 0.28.0-53-g5a82cb258f (webtiles) character file.

Game seed: 16467918136752360311

6458 acdeimund the Spear-Bearer (level 11, -8/82 (84) HPs)
             Began as a Merfolk Ice Elementalist on July 29, 2022.
             Was a High Priest of Okawaru.
             Mangled by a centaur warrior
             ... wielding a +3 short sword of venom
              (11 damage)
             ... on level 8 of the Dungeon.
             The game lasted 00:55:55 (14092 turns).

acdeimund the Spear-Bearer (MfIE)                  Turns: 14092, Time: 00:55:58

HP:   -8/82 (84)    AC:  5    Str: 10    XL:     11   Next: 0%
MP:   12/15         EV: 23    Int: 15    God:    Okawaru [*****.]
Gold: 199           SH:  0    Dex: 17    Spells: 7/14 levels left

rFire   + . .      SeeInvis .   v - +3 spear (venom)
rCold   . . .      Faith    .   (no shield)
rNeg    + . .      Spirit   .   E - +2 leather armour {rF+}
rPois   .          Reflect  .   (no helmet)
rElec   .          Harm     .   e - scarf {shadows}
rCorr   .          Rampage  .   (no gloves)
Will    .....                   (no boots)
Stlth   +++++.....              D - amulet of magic regeneration
HPRegen 0.23/turn               s - +4 ring of evasion
MPRegen 0.54/turn               C - ring of positive energy

@: lethally poisoned (-8 -> -38), heroic, freezing walls, lightly drained
A: (nimble swimmer 2), mertail
a: Renounce Religion, Heroism, Finesse, Duel


You were on level 8 of the Dungeon.
You worshipped Okawaru.
Okawaru was extremely pleased with you.
You visited 2 branches of the dungeon, and saw 9 of its levels.

You collected 385 gold pieces.
You spent 186 gold pieces at shops.

Inventory:

Hand Weapons
 b - a +0 club
 d - a +0 dagger
 h - a +0 spear
 l - a +0 trident
 v - a +3 spear of venom (weapon)
Missiles
 g - 125 stones (quivered)
 t - 5 boomerangs
 B - 3 boomerangs of dispersal
Armour
 a - a +0 robe
 e - a scarf of shadows (worn)
 m - a +0 leather armour
 E - a +2 leather armour of fire resistance (worn)
Jewellery
 s - a +4 ring of evasion (left hand)
 C - a ring of positive energy (right hand)
 D - an amulet of magic regeneration (around neck)
 F - a ring of willpower
Wands
 o - a wand of paralysis (7)
 p - a wand of iceblast (15)
 x - a wand of flame (23)
Scrolls
 c - 2 scrolls of teleportation
 f - 2 scrolls of blinking
 i - 2 scrolls of enchant armour {unknown}
 n - 3 scrolls of immolation
 y - 2 scrolls of fear
 H - a scroll of identify
Potions
 j - a potion of haste
 k - a potion of magic {unknown}
 q - 2 potions of lignification
 r - a potion of attraction
 u - 2 potions of degeneration
 w - a potion of ambrosia {unknown}
 A - a potion of might {unknown}
 G - a potion of brilliance {unknown}


   Skills:
 + Level 7.0(12.0) Fighting
 * Level 13.1(18.1) Polearms
 + Level 9.0(14.0) Dodging
 + Level 8.3(13.3) Stealth
 - Level 2.0 Spellcasting
 - Level 6.3 Ice Magic
 + Level 6.0 Invocations


You had 7 spell levels left.
You knew the following spells:

 Your Spells              Type           Power      Damage    Failure   Level
a - Freeze                Ice            80%        1d9       2%          1
b - Ozocubu's Armour      Ice            20%        N/A       6%          3
c - Frozen Ramparts       Ice            40%        1d6       6%          3

Your spell library contained the following spells:

 Spells                   Type           Power      Damage    Failure   Level
 Foxfire                  Conj/Fire      4%         2x1d4     28%         1
 Slow                     Hex            4%         N/A       28%         1
 Hailstorm                Conj/Ice       11%        3d5       61%         4
 Confusing Touch          Hex            1%         N/A       65%         3
 Conjure Flame            Conj/Fire      1%         6-21      65%         3
 Inner Flame              Hex/Fire       1%         N/A       65%         3
 Vampiric Draining        Necr           1%         2d6       65%         3
 Flame Wave               Conj/Fire      1%         2d4       96%         4


Dungeon Overview and Level Annotations

Branches:
Dungeon (8/15)             Temple (1/1) D:4
   Lair: D:8-11

Altars:
Ashenzari
Cheibriados
Dithmenos
Elyvilon
Fedhas
Gozag
Hepliaklqana
Kikubaaqudgha
Makhleb
Nemelex Xobeh
Okawaru
Qazlal
Ru
Sif Muna
Trog
Uskayaw
Vehumet
Wu Jian
Xom
Yredelemnul
Zin
The Shining One

Shops:
D:4 (   D:5 ?*:   D:6 [

Annotations:
D:4 Grinder


Innate Abilities, Weirdness & Mutations

((You are very nimble when in or above water. (Stealth+, EV+, Speed+++)))
Your lower body shifts to a powerful aquatic tail in water.


Message History

You hit the centaur warrior but do no damage.
The centaur warrior is poisoned.
The centaur warrior is lightly wounded.
You feel sick.
You hit the centaur warrior.
The centaur warrior looks as sick as possible!
The centaur warrior is lightly wounded.
You feel sick.
The wall freezes the centaur warrior.
The centaur warrior hits you with a +3 short sword of venom!
You are more poisoned.
The centaur warrior kicks you.
You closely miss the centaur warrior.
The centaur warrior is lightly wounded.
You feel very sick.
The wall freezes the centaur warrior.
The centaur warrior hits you with a +3 short sword of venom!
* * * LOW HITPOINT WARNING * * *
The centaur warrior kicks you but does no damage.
You gain the combat prowess of a mighty hero.
* * * LOW HITPOINT WARNING * * *
You feel extremely sick.
The wall freezes the centaur warrior.
The centaur warrior hits you with a +3 short sword of venom.
* * * LOW HITPOINT WARNING * * *
You are more poisoned.
The centaur warrior completely misses you.
You barely miss the centaur warrior.
The centaur warrior is moderately wounded.
* * * LOW HITPOINT WARNING * * *
You feel very sick.
The wall freezes the centaur warrior but does no damage.
The centaur warrior barely misses you. x2
You hit the centaur warrior.
The centaur warrior looks as sick as possible!
The centaur warrior is moderately wounded.
* * * LOW HITPOINT WARNING * * *
You feel very sick.
The wall freezes the centaur warrior.
The centaur warrior hits you with a +3 short sword of venom!
You die...

#...###.#.........###....
##..............##..#.....
##..###.###...#..>#..#.....
##..#####..##..##.##....#..#
#..##.5####.##.#.......#####
#.##.##.5###.##........##...
#.#.#####.##.##.............
#.#c##c.#.#.###.............
#.###.##.##@###..........<..
##.###.#.#.c##)#.............
###..##.##.#####.#.......##..#.
#....##)###..##.########.....##
##.....##.####..## ##....#
##...#...##..##### ##...#
.......###.....# . ##..##
......##.....### .# #...#
.....####...### ..#. #....


You could see a centaur warrior (extremely poisoned).

Vanquished Creatures
  A two-headed ogre (D:8)
  Joseph (D:7)
  A basilisk (shapeshifter) (D:8)
  9 yaks
  A steam dragon (D:8)
  Duvessa (D:7)
  2 orc warriors
  3 ice beasts
  2 water moccasins (D:6)
  A black bear (D:7)
  2 ogres
  2 sky beasts (D:7)
  5 centaurs
  2 phantoms
  3 bullfrogs
  3 scorpions
  A water moccasin zombie (D:6)
  Dowan (D:7)
  8 killer bees (D:8)
  4 wights (D:8)
  A howler monkey (D:3)
  4 centaur zombies
  3 bullfrog zombies
  A jelly (D:8)
  2 gnoll shamans
  2 orc priests
  5 hounds
  6 iguanas
  Ijyb (D:3)
  Natasha (thrice) (D:4)
  3 orc wizards
  A killer bee zombie (D:8)
  A hound zombie (D:5)
  A hound skeleton (D:4)
  18 gnolls
  5 adders
  A shadow imp (D:7)
  A white imp (D:8)
  An ufetubus (D:4)
  4 worms
  3 dart slugs
  16 orcs
  7 bats
  8 endoplasms
  4 giant cockroaches
  7 goblins
  7 hobgoblins
  7 jackals
  3 quokkas
  9 ball pythons
  12 frilled lizards
  8 kobolds
  5 rats
213 creatures vanquished.

Vanquished Creatures (others)
  An orc (D:3)
  12 fungi (D:4)
  74 plants
87 creatures vanquished.

Grand Total: 300 creatures vanquished

Notes
Turn   | Place    | Note
-------+----------+-------------------------------------------
     0 | D:1      | acdeimund the Merfolk Ice Elementalist began the quest for
                  | the Orb.
     0 | D:1      | Reached XP level 1. HP: 13/13 MP: 3/3
   326 | D:1      | Reached XP level 2. HP: 19/19 MP: 1/5
   545 | D:1      | Reached skill level 5 in Ice Magic
   828 | D:1      | You fall into a shaft and drop 1 floor!
   909 | D:1      | Reached XP level 3. HP: 24/24 MP: 4/6
   932 | D:1      | Learned a level 3 spell: Ozocubu's Armour
  1643 | D:2      | Reached XP level 4. HP: 28/30 MP: 1/7
  1787 | D:2      | Learned a level 3 spell: Frozen Ramparts
  2400 | D:2      | Reached skill level 1 in Polearms
  2680 | D:2      | Reached XP level 5. HP: 36/36 MP: 2/8
  3025 | D:3      | Reached skill level 2 in Polearms
  3625 | D:3      | Noticed Ijyb
  3639 | D:3      | Killed Ijyb
  3640 | D:3      | Reached skill level 1 in Fighting
  3902 | D:3      | Reached skill level 3 in Polearms
  4034 | D:3      | Reached XP level 6. HP: 21/43 MP: 5/9
  4709 | D:3      | Reached skill level 4 in Polearms
  5253 | D:4      | Found Plog's Weapon Emporium.
  5339 | D:4      | Noticed Grinder
  5478 | D:4      | Noticed Natasha
  5533 | D:3      | Reached skill level 5 in Polearms
  5533 | D:3      | Reached XP level 7. HP: 25/51 MP: 1/10
  5794 | D:4      | Killed Natasha
  5876 | D:4      | Noticed Natasha
  5887 | D:4      | Killed Natasha
  5986 | D:4      | Reached skill level 6 in Polearms
  6271 | D:4      | Noticed Natasha
  6284 | D:4      | Killed Natasha
  6646 | D:4      | Found a staircase to the Ecumenical Temple.
  6661 | Temple   | Entered the Ecumenical Temple
  6911 | Temple   | Became a worshipper of Warmaster Okawaru
  7108 | D:5      | Entered Level 5 of the Dungeon
  7120 | D:5      | Reached skill level 5 in Dodging
  7189 | D:5      | Reached XP level 8. HP: 53/58 MP: 11/11
  7244 | D:5      | Found a stormy altar of Qazlal.
  7291 | D:5      | Reached skill level 7 in Polearms
  7319 | D:5      | Found Hykow's Book Boutique.
  7320 | D:5      | Found Fuxam's Magic Scroll Emporium.
  7320 | D:5      | Found Ibejek's General Store.
  7322 | D:5      | Found Kulemugent's Magic Scroll Emporium.
  7325 | D:5      | Bought a scroll of blinking for 90 gold pieces
  7325 | D:5      | Bought a scroll of fear for 42 gold pieces
  7325 | D:5      | Bought a scroll of identify for 24 gold pieces
  7327 | D:5      | Bought a potion of curing for 30 gold pieces
  7435 | D:5      | Reached skill level 1 in Invocations
  7814 | D:5      | Reached skill level 5 in Stealth
  8000 | D:5      | Reached * piety under Okawaru
  8116 | D:5      | Reached skill level 8 in Polearms
  9002 | D:6      | Reached XP level 9. HP: 66/66 MP: 12/12
  9170 | D:6      | Reached skill level 9 in Polearms
  9352 | D:6      | Found Icres Tua's Armour Emporium.
  9520 | D:6      | Reached ** piety under Okawaru
 10332 | D:7      | Reached skill level 5 in Fighting
 10499 | D:7      | Paralysed by an orc warrior for 4 turns
 10508 | D:7      | Reached skill level 10 in Polearms
 11041 | D:7      | Noticed Joseph
 11063 | D:7      | Killed Joseph
 11063 | D:7      | Reached *** piety under Okawaru
 11240 | D:7      | Identified the +4 chain mail of the Thistle {rElec Str+4
                  | Int-4 Dex+5}
 11286 | D:7      | Reached skill level 11 in Polearms
 11291 | D:7      | Noticed Dowan
 11332 | D:7      | Noticed Duvessa
 11363 | D:7      | Killed Duvessa
 11364 | D:7      | Reached XP level 10. HP: 75/76 MP: 5/13
 11375 | D:7      | Killed Dowan
 12095 | D:8      | Reached **** piety under Okawaru
 12108 | D:8      | Reached skill level 5 in Invocations
 12520 | D:7      | Reached skill level 12 in Polearms
 13113 | D:8      | Noticed a two-headed ogre
 13133 | D:8      | Killed a two-headed ogre
 13606 | D:8      | Reached ***** piety under Okawaru
 13689 | D:8      | Reached skill level 13 in Polearms
 13716 | D:8      | Reached XP level 11. HP: 53/84 MP: 13/15
 14082 | D:8      | Noticed a centaur warrior
 14092 | D:8      | HP: 3/82 [poisoned by a centaur warrior]
 14092 | D:8      | Mangled by a centaur warrior

Illustrated notes

Levels and vault maps discovered:
D:1:      dpeg_arrival_more_subterranean_lakeside_camping, layout_rooms
D:2:      layout_loops_ring, serial_bayou, serial_bayou_pond_a,
          serial_bayou_pond_a, serial_bayou_lagoon_a, serial_bayou_lake_a,
          minmay_misc_feat_alley, chequers_jeans,
          chequers_serial_rivers_micro_c, minmay_lizard_king
D:3:      layout_loops_ring, minmay_misc_feat_nine_boxes, serial_bayou_pond_d,
          uniq_ijyb
D:4:      layout_rooms, temple_hall, serial_shops, shop, serial_aquarium,
          aquarium_bridge_straight [aquarium_subvault_bridge,
          aquarium_subvault_balcony, aquarium_subvault_bridge,
          aquarium_subvault_window], aquarium_window_1, aquarium_window_1,
          aquarium_view_2d, aquarium_view_2d, aquarium_balcony_1b,
          minmay_box_of_dots, uniq_grinder, uniq_natasha
D:5:      layout_loops_ring, nicolae_qazlal_general_emergency,
          nicolae_wooded_promenade, hangedman_decor_growths,
          cheibrodos_gnoll_hut
D:6:      layout_basic, serial_shops, kennysheep_mini,
          nicolae_concentric_dashed_squares_wild
D:7:      layout_loops_ring, uniq_duvessa, uniq_joseph
D:8:      minmay_the_grid_octo_triangle [minmay_the_grid_octo_clover_2,
          minmay_the_grid_octo_prize_ultimate_mussel_roller,
          minmay_the_grid_octo_fan_narrow], layout_cave_pools
Temple:   mainiacjoe_temple_archimedes_tessellation

Skill      XL: |  1  2  3  4  5  6  7  8  9 10 |
---------------+-------------------------------+-----
Ice Magic      | 5 6 |  6.3
Polearms       | 1 3 5 6 8 11 13 | 13.1
Dodging        | 3 4 5 6 7 9 |  9.0
Fighting       | 1 2 3 4 5 7 |  7.0
Stealth        | 3 4 5 7 8 |  8.3
Invocations    | 2 4 6 |  6.0
Spellcasting   | |  2.0

Action                   |  1- 3 |  4- 6 |  7- 9 | 10-12 || total
-------------------------+-------+-------+-------+-------++-------
Melee: Unarmed           |     2 |       |       |       ||     2
       Dagger            |    20 |     1 |       |       ||    21
       Club              |     1 |       |       |       ||     1
       Tailslap          |     1 |     1 |       |       ||     2
       Spear             |       |    41 |   413 |   259 ||   713
       Trident           |       |    85 |       |       ||    85
       Punch             |       |     3 |     5 |     7 ||    15
Throw: Stone             |       |       |       |     3 ||     3
 Cast: Freeze            |    50 |    99 |    10 |       ||   159
       Ozocubu's Armour  |       |     2 |     5 |    10 ||    17
       Frozen Ramparts   |       |       |     4 |    11 ||    15
Invok: Heroism           |       |       |       |     1 ||     1
Evoke: Wand              |       |     2 |       |       ||     2
  Use: Scroll            |       |       |    11 |     3 ||    14
       Potion            |       |       |     1 |     2 ||     3
 Stab: Sleeping          |     5 |     7 |     9 |     4 ||    25
       Distracted        |       |     1 |       |       ||     1
Armor: Robe              |    10 |     1 |       |       ||    11
       Leather armour    |       |    12 |    30 |    29 ||    71
Dodge: Dodged            |    35 |   108 |   257 |   197 ||   597
